 Dungeon Crawl Stone Soup version 0.24-a0-139-geb6712d (webtiles) character file.

Game seed: 13146178844562154519

268 Inarius the Gusty (level 6, -2/32 HPs)
             Began as a Kobold Air Elementalist on Mar 1, 2019.
             Slain by a hornet zombie (13 damage)
             ... on level 5 of the Dungeon.
             The game lasted 00:09:49 (4125 turns).

Inarius the Gusty (Kobold Air Elementalist)         Turns: 4125, Time: 00:09:50

Health: -2/32      AC:  2    Str:  5    XL:     6   Next: 45%
Magic:  1/11       EV: 15    Int: 19    God:
Gold:   276        SH:  0    Dex: 15    Spells: 4/11 levels left

rFire    . . .     SeeInvis .   j - +0 dagger (drain)
rCold    . . .     Gourm    .   (shield restricted)
rNeg     . . .     Faith    .   a - +0 robe
rPois    .         Spirit   .   (no helmet)
rElec    .         Reflect  .   (no cloak)
rCorr    .         Harm     .   (no gloves)
MR       .....                  (no boots)
Stlth    ++........             (no amulet)
HPRegen  0.10/turn              (no ring)
MPRegen  0.12/turn              (no ring)

@: no status effects
A: small, carnivore
a: no special abilities


You were on level 5 of the Dungeon.
You were completely stuffed.

You visited 1 branch of the dungeon, and saw 5 of its levels.

You collected 276 gold pieces.

Inventory:

Hand Weapons
 j - a +0 dagger of draining (weapon)
Armour
 a - a +0 robe (worn)
Wands
 p - a wand of flame (14)
Scrolls
 i - a scroll of random uselessness {unknown}
 k - 4 scrolls of identify {unknown}
 l - 3 scrolls of immolation {unknown}
 m - a scroll of teleportation {unknown}
 n - 4 scrolls of enchant weapon {unknown}
Potions
 d - 2 potions of ambrosia {unknown}
 e - a potion of berserk rage {unknown}
 f - 2 potions of degeneration {unknown}
 g - a potion of brilliance {unknown}
 h - a potion of cancellation {unknown}
 o - a potion of might {unknown}
 q - a potion of flight {unknown}
Comestibles
 b - a chunk of flesh
 c - 9 rations


   Skills:
 + Level 0.1 Fighting
 + Level 0.9 Short Blades
 + Level 2.8 Dodging
 + Level 2.9 Stealth
 - Level 3.4 Spellcasting
 * Level 3.2 Conjurations
 * Level 4.8 Air Magic


You had 4 spell levels left.
You knew the following spells:

 Your Spells              Type           Power        Failure   Level  Hunger
a - Shock                 Conj/Air       ###.         2%          1    None
b - Swiftness             Chrm/Air       ##......     9%          2    ##.....
c - Airstrike             Air            ###.......   21%         4    ####...

Your spell library contained the following spells:

 Spells                   Type           Power        Failure   Level  Hunger
 Static Discharge         Conj/Air       ###.....     9%          3    ###....
 Lightning Bolt           Conj/Air       ###.......   58%         5    ######.


Dungeon Overview and Level Annotations

Branches:
Dungeon (4/15)
 Temple: D:4-7

Altars:
Dithmenos
Makhleb
Qazlal
Ru
The Shining One

Annotations:
D:3 1 runed translucent door, Duffy's ghost, weakling NaGl
D:4 Edmund


Innate Abilities, Weirdness & Mutations

You are small and have problems with some larger weapons.
You are carnivorous and can eat meat at any time.


Message History

Confirm with . or Enter, or press ? or * to list all spells.
Aiming: Shock (safe; 2% risk of failure)
Press: ? - help, Shift-Dir - straight line The zap hits the hornet zombie.
The hornet zombie is severely damaged.
The zap hits the hornet zombie.
The hornet zombie is severely damaged.
The hornet zombie hits you but does no damage.
Unknown command.
Unknown command.
Casting: Shock (safe; 2% risk of failure)
Confirm with . or Enter, or press ? or * to list all spells.
Aiming: Shock (safe; 2% risk of failure)
Press: ? - help, Shift-Dir - straight line The zap hits the hornet zombie.
The hornet zombie is almost destroyed.
The zap hits the hornet zombie.
The hornet zombie is almost destroyed.
The hornet zombie hits you! x2
You die...

#####.....#+####.
#.............###
#.............#..
#.............#..
#.............###
#................
#####................
#.....######+#####...
#..Z@.....# ..
#.........#
#..#####+##
######..###
#.........#
#.........#
#.........#
######....# #....#


You could see a hornet zombie.

Vanquished Creatures
  A hound (D:5)
  Terence (D:1)
  5 gnolls
  7 adders
  An ooze (D:1)
  4 worms
  3 dart slugs
  3 leopard geckos
  2 orcs (D:3)
  4 giant cockroaches
  6 hobgoblins
  A jackal (D:3)
  5 quokkas
  3 ball pythons
  7 bats
  7 frilled lizards
  9 goblins
  9 kobolds
  A leopard gecko skeleton (D:3)
  7 rats
86 creatures vanquished.

Notes
Turn   | Place    | Note
-------+----------+-------------------------------------------
     0 | D:1      | Inarius the Kobold Air Elementalist began the quest for the
                  | Orb.
     0 | D:1      | Reached XP level 1. HP: 10/10 MP: 3/3
   237 | D:1      | Reached XP level 2. HP: 12/15 MP: 5/5
   736 | D:1      | Reached XP level 3. HP: 19/19 MP: 4/6
  1063 | D:2      | Noticed Terence
  1170 | D:2      | Learned a level 2 spell: Swiftness
  1624 | D:2      | Reached XP level 4. HP: 24/24 MP: 0/7
  1899 | D:2      | Reached skill level 4 in Air Magic
  2112 | D:2      | Reached XP level 5. HP: 28/28 MP: 3/9
  2674 | D:2      | Found a sacrificial altar of Ru.
  2676 | D:2      | Found a glowing golden altar of the Shining One.
  2676 | D:2      | Found a shadowy altar of Dithmenos.
  2681 | D:2      | Found a burning altar of Makhleb.
  2722 | D:1      | Killed Terence
  3135 | D:3      | Reached XP level 6. HP: 32/32 MP: 7/11
  3486 | D:3      | Found a runed translucent door.
  3486 | D:3      | Noticed Duffy's ghost (weakling NaGl)
  3905 | D:4      | Noticed Edmund
  3907 | D:4      | You fall through a shaft!
  3907 | D:5      | Entered Level 5 of the Dungeon
  3923 | D:5      | Found a stormy altar of Qazlal.
  3925 | D:5      | Noticed a water elemental
  3926 | D:5      | Noticed an air elemental
  3926 | D:5      | Noticed a fire elemental
  3994 | D:5      | Learned a level 4 spell: Airstrike
  4125 | D:5      | Slain by a hornet zombie

Levels and vault maps discovered:
D:1:      wander_arrival_estate, layout_rooms
D:2:      layout_rooms, grunt_temple_overflow_cloverleaf, first_ration,
          mrwooster_statue_mirror, uniq_terence
D:3:      minmay_bubble_buster, layout_basic, gammafunk_ghost_grave,
          minmay_circle_x
D:4:      layout_rooms, kennysheep_mini, nrook_loot_triangle, uniq_ijyb,
          uniq_edmund, uniq_natasha
D:5:      layout_gridville, nicolae_qazlal_style_of_elements

Skill      XL: |  1  2  3  4  5  6 |
---------------+-------------------+-----
Conjurations   | 2 3 |  3.2
Air Magic      | 4 |  4.8
Spellcasting   | 3 |  3.4
Fighting       | |  0.1
Short Blades   | |  0.9
Dodging        | |  2.8
Stealth        | |  2.9

Action                   |  1- 3 |  4- 6 || total
-------------------------+-------+-------++-------
Melee: Dagger            |    44 |    27 ||    71
 Cast: Shock             |    71 |   139 ||   210
       Airstrike         |       |     2 ||     2
 Stab: Sleeping          |     1 |     1 ||     2
  Eat: Chunk             |    11 |     8 ||    19
Armor: Robe              |     4 |     2 ||     6
Dodge: Dodged            |    51 |    39 ||    90

Table legend:
 A = Non-vault XP
 B = Vault XP
 C = Vault XP percentage of total XP
 D = Non-vault monster count
 E = Vault monster count
 F = Vault count percentage of total count
                 A         B        C        D         E       F
            +---------+---------+-------+---------+---------+-------
      Total |     293 |      90 |  23.5 |      68 |      18 |  20.9
            +---------+---------+-------+---------+---------+-------
        D:1 |      34 |      36 |  51.4 |      19 |       1 |   5.0
        D:2 |     163 |       0 |   0.0 |      28 |       0 |   0.0
        D:3 |      51 |      54 |  51.4 |      19 |      17 |  47.2
        D:5 |      45 |       0 |   0.0 |       2 |       0 |   0.0
            +---------+---------+-------+---------+---------+-------
